 Dungeon Crawl Stone Soup version 0.25.1-9-gc5326a611f (webtiles) character file.

Game seed: 17017773511154781798

8153 Ge0ff the Slinger (level 11, -25/96 HPs)
             Began as a Halfling Assassin on Nov 25, 2021.
             Was a Priest of Dithmenos.
             Annihilated by a phantasmal warrior (32 damage)
             ... led by a death knight
             ... on level 11 of the Dungeon.
             The game lasted 00:40:08 (12558 turns).

Ge0ff the Slinger (Halfling Assassin)              Turns: 12558, Time: 00:40:09

Health: -25/96     AC: 12    Str: 13    XL:     11   Next: 50%
Magic:  13/17      EV: 15    Int: 10    God:    Dithmenos [***...]
Gold:   19         SH:  0    Dex: 18    Spells: 10/18 levels left

rFire    . . .     SeeInvis .   a - +3 rapier (elec)
rCold    . . .     Gourm    .   (shield restricted)
rNeg     . . .     Faith    .   y - +0 steam dragon scales
rPois    .         Spirit   .   (no helmet)
rElec    .         Reflect  .   c - +1 cloak
rCorr    .         Harm     .   K - +0 pair of gloves
MR       .....                  (no boots)
Stlth    ..........             Q - amulet of the acrobat
HPRegen  0.26/turn              U - ring of stealth
MPRegen  0.15/turn              C - +4 ring of protection {=R}

@: berserking (expiring), vulnerable, very slightly contaminated, wreathed by
umbra, very quick
A: small, mutation resistance 1
a: Shadow Step, Renounce Religion


You were on level 11 of the Dungeon.
You worshipped Dithmenos.
Dithmenos was most pleased with you.
You were not hungry.

You visited 2 branches of the dungeon, and saw 12 of its levels.

You collected 453 gold pieces.
You spent 434 gold pieces at shops.

Inventory:

Hand Weapons
 a - a +3 rapier of electrocution (weapon)
 b - a +1 hunting sling
 u - a +2 scimitar of draining
 v - a +2 dagger of chaos
 w - a +4 dagger
 A - a +0 rapier
 F - the +2 dagger of Liwen {vorpal, *Corrode rElec rPois}
   (You found it on level 5 of the Dungeon)

   It inflicts extra damage upon your enemies.
   It insulates you from electricity.
   It protects you from poison.
   It may corrode you when you take damage.
 J - a cursed +4 scimitar of freezing
 O - a +2 dagger of speed
Missiles
 d - 41 poisoned darts (quivered)
 g - a throwing net {=f}
 q - 2 sling bullets
 D - 7 atropa-tipped darts
 G - 7 boomerangs
 P - 274 stones
Armour
 c - a +1 cloak (worn)
 y - +0 steam dragon scales (worn)
 K - a +0 pair of gloves (worn)
 V - a +2 robe of fire resistance
Jewellery
 z - an uncursed ring of protection from fire
 B - an uncursed ring of resist corrosion
 C - a +4 ring of protection (right hand) {=R}
 H - an uncursed ring of protection from magic
 Q - an amulet of the acrobat (around neck)
 U - a ring of stealth (left hand)
Wands
 e - a wand of enslavement (2)
 f - a wand of flame (17)
 k - a wand of iceblast (3)
 s - a wand of disintegration (3)
 x - a wand of random effects (28)
Scrolls
 m - 3 scrolls of magic mapping
 E - a scroll of fear
 N - 2 scrolls of enchant armour
 T - a scroll of teleportation
Potions
 o - a potion of ambrosia
 I - a potion of invisibility
 L - a potion of mutation
 M - a potion of might
 R - 4 potions of haste {!q}
 S - 3 potions of stabbing
 X - 3 potions of flight
 Y - 11 potions of curing
Miscellaneous
 t - a tin of tremorstones (3/3)
Comestibles
 r - 14 rations


   Skills:
 + Level 2.2 Fighting
 + Level 10.1 Short Blades
 + Level 11.1(11.2) Slings
 - Level 2.0(5.3) Throwing
 + Level 0.9 Armour
 + Level 2.3 Dodging
 - Level 7.0 Stealth
 + Level 4.3 Spellcasting
 + Level 5.3 Hexes
 + Level 7.2 Ice Magic
 + Level 1.9 Evocations


You had 10 spell levels left.
You knew the following spells:

 Your Spells              Type           Power        Failure   Level  Hunger
k - Ensorcelled Hibernat  Hex/Ice        ##....       2%          2    ##.....
s - Dazzling Flash        Conj/Hex       #.....       26%         3    ###....
t - Confusing Touch       Hex            ##......     9%          3    ###....

Your spell library contained the following spells:

 Spells                   Type           Power        Failure   Level  Hunger
 Corona                   Hex            ##.....      2%          1    #......
 Tukima's Dance           Hex            ##......     9%          3    ###....
 Animate Skeleton         Necr           N/A          26%         1    #......
 Pain                     Necr           #...         26%         1    #......
 Metabolic Englaciation   Hex/Ice        ##........   45%         5    ######.
 Gell's Gravitas          Tloc           #.........   58%         3    ###....
 Vampiric Draining        Necr           #.........   58%         3    ###....
 Yara's Violent Unravell  Hex/Tmut       #.........   93%         5    ######.
 Animate Dead             Necr           N/A          94%         4    #####..
 Petrify                  Tmut/Erth      #.......     94%         4    #####..
 Agony                    Necr           #.......     100%        5    ######.


Dungeon Overview and Level Annotations

Branches:
Dungeon (11/15)            Temple (1/1) D:4            Lair (0/6) D:9
    Orc: D:9-12

Altars:
Ashenzari
Cheibriados
Dithmenos
Elyvilon
Fedhas
Gozag
Hepliaklqana
Kikubaaqudgha
Makhleb
Nemelex Xobeh
Okawaru
Qazlal
Ru
Sif Muna
Trog
Uskayaw
Vehumet
Wu Jian
Xom
Yredelemnul
Zin
The Shining One

Shops:
D:7 !   D:10 [(?((

Annotations:
D:8 4 transporters, exclusion: two-headed ogre, Thomus's ghost, novice HOFi


Innate Abilities, Weirdness & Mutations

You are small and have problems with some larger weapons.
You are somewhat resistant to further mutation.


Message History

You hit the phantasmal warrior but do no damage.
Your hands stop glowing.
You hit the phantasmal warrior.
The phantasmal warrior is lightly damaged.
The phantasmal warrior hits you.
You hit the phantasmal warrior but do no damage.
Lightning courses through the phantasmal warrior!
The phantasmal warrior is moderately damaged.
You hit the phantasmal warrior.
The phantasmal warrior is moderately damaged.
The phantasmal warrior hits you!!
* * * LOW HITPOINT WARNING * * *
You closely miss the phantasmal warrior.
The phantasmal warrior is moderately damaged.
You hit the phantasmal warrior but do no damage.
The phantasmal warrior is moderately damaged.
You hit the phantasmal warrior.
The phantasmal warrior is heavily damaged.
The phantasmal warrior hits you!!
You die...

#.......##########
#.......#........#
#.......#...W..W.#
#.......#....W...#
#.......#........#
#.......#....ยง)..#
#.......#####'####
#......@#........#
#.......W........#
#................#
#................#
#.....^..........#
######...#####...#
#.......#....#
#.......#....#
#.......# ...#


You could see a phantasmal warrior.

Vanquished Creatures
  A death knight (D:11)
  The ghost of Frank the Covert, a novice OpFi (D:7)
  An unseen horror (D:10)
  An oklob plant (D:6)
  Psyche (D:8)
  2 centaur skeletons
  Maggie (D:8)
  2 hornets (D:9)
  Prince Ribbit (D:8)
  A hippogriff (D:10)
  A wyvern (D:10)
  A steam dragon (D:9)
  A hungry ghost (D:7)
  An orc warrior (D:8)
  An ice beast (D:7)
  2 sky beasts
  A necrophage (D:7)
  A phantom (D:8)
  7 ogres
  2 centaurs (D:8)
  A crocodile (D:10)
  A big kobold (D:7)
  A wyvern zombie (D:8)
  3 bullfrogs
  A water moccasin skeleton (D:5)
  A wyvern skeleton (D:7)
  5 scorpions
  11 wights
  3 killer bees (D:8)
  4 crimson imps
  3 hounds
  An iron imp (D:8)
  2 jellies (D:6)
  A quasit (D:9)
  5 orc priests
  4 iguanas
  4 orc wizards
  8 worker ants
  A hound zombie (D:8)
  8 gnolls
  8 adders
  A shadow imp (D:5)
  13 oozes
  2 adder skeletons
  An adder zombie (D:5)
  A worm (D:5)
  4 dart slugs
  6 leopard geckos
  29 orcs
  15 bats
  6 giant cockroaches
  5 goblins
  16 hobgoblins
  7 jackals
  5 quokkas
  A ball python (D:1)
  7 frilled lizards
  A goblin skeleton (D:8)
  3 hobgoblin zombies (D:8)
  11 kobolds
  A kobold skeleton (D:8)
  2 kobold zombies (D:8)
  A leopard gecko zombie (D:6)
  An orc skeleton (D:8)
  7 rats
252 creatures vanquished.

Vanquished Creatures (collateral kills)
  A wight (D:7)
  2 jackals (D:8)
3 creatures vanquished.

Vanquished Creatures (others)
  A wight (D:7)
  12 fungi (D:6)
13 creatures vanquished.

Grand Total: 268 creatures vanquished

Notes
Turn   | Place    | Note
-------+----------+-------------------------------------------
     0 | D:1      | Ge0ff the Halfling Assassin began the quest for the Orb.
     0 | D:1      | Reached XP level 1. HP: 14/14 MP: 1/1
   143 | D:1      | Reached XP level 2. HP: 19/19 MP: 2/2
   419 | D:1      | Reached XP level 3. HP: 17/24 MP: 3/3
  1229 | D:2      | Found a sacrificial altar of Ru.
  1403 | D:2      | Reached XP level 4. HP: 29/29 MP: 4/4
  1471 | D:2      | Reached skill level 5 in Short Blades
  1471 | D:2      | Reached skill level 1 in Slings
  1874 | D:2      | Reached skill level 2 in Slings
  2441 | D:3      | Reached XP level 5. HP: 34/34 MP: 5/5
  2991 | D:4      | Reached skill level 3 in Slings
  2994 | D:4      | Reached skill level 4 in Slings
  2994 | D:4      | Reached XP level 6. HP: 39/39 MP: 6/6
  3117 | D:4      | Found a staircase to the Ecumenical Temple.
  3122 | D:4      | Noticed an ogre
  3131 | D:4      | Killed an ogre
  3131 | D:4      | Reached skill level 5 in Slings
  3465 | D:4      | Reached XP level 7. HP: 25/44 MP: 7/7
  3754 | Temple   | Entered the Ecumenical Temple
  3829 | Temple   | Became a worshipper of Dithmenos the Shadowed
  4060 | D:4      | Found a shattered altar of Ashenzari.
  4272 | D:5      | Entered Level 5 of the Dungeon
  4352 | D:5      | Got an ebony dagger
  4353 | D:5      | Identified the +2 dagger of Liwen {vorpal, *Corrode rElec
                  | rPois} (You found it on level 5 of the Dungeon)
  4568 | D:5      | Reached skill level 6 in Slings
  4782 | D:5      | Found a hazy altar of Hepliaklqana.
  5087 | D:5      | Reached skill level 7 in Slings
  5467 | D:6      | Reached XP level 8. HP: 26/49 MP: 8/8
  5791 | D:6      | Found a shimmering altar of Xom.
  5844 | D:6      | Reached skill level 8 in Slings
  6543 | D:6      | Noticed an oklob plant
  6588 | D:6      | Reached skill level 5 in Stealth
  6733 | D:7      | Found a stormy altar of Qazlal.
  6882 | D:7      | Reached * piety under Dithmenos
  6882 | D:7      | Reached XP level 9. HP: 50/54 MP: 9/9
  6910 | D:7      | Learned a level 2 spell: Ensorcelled Hibernation
  6914 | D:7      | Learned a level 3 spell: Confusing Touch
  6918 | D:7      | Learned a level 3 spell: Dazzling Flash
  6929 | D:7      | Found a transporter.
  6930 | D:7      | Found a transporter.
  6930 | D:7      | Noticed Frank's ghost (novice OpFi)
  7249 | D:7      | Found a bloodstained altar of Trog.
  7446 | D:7      | Reached skill level 1 in Ice Magic
  7487 | D:7      | Reached skill level 1 in Hexes
  7618 | D:7      | Reached skill level 1 in Spellcasting
  7765 | D:7      | Found Cupo's Distillery.
  7785 | D:7      | Bought a potion of degeneration for 14 gold pieces
  7785 | D:7      | Bought a potion of curing for 42 gold pieces
  7785 | D:7      | Bought a potion of heal wounds for 70 gold pieces
  8054 | D:8      | Noticed Prince Ribbit
  8348 | D:8      | Found a glowing golden altar of the Shining One.
  8476 | D:8      | Noticed Psyche
  8497 | D:8      | Killed Psyche
  8497 | D:8      | Reached skill level 10 in Short Blades
  8518 | D:8      | Noticed Maggie
  8525 | D:8      | Killed Maggie
  8604 | D:8      | Found a transporter.
  8605 | D:8      | Noticed Thomus's ghost (novice HOFi)
  8608 | D:8      | Found a transporter.
  8661 | D:8      | Found a sparkling altar of Nemelex Xobeh.
  8661 | D:8      | Noticed a harpy
  8661 | D:8      | Noticed a hornet
  8662 | D:8      | Noticed a brown ugly thing
  8671 | D:8      | Reached skill level 9 in Slings
  8671 | D:8      | Reached XP level 10. HP: 60/60 MP: 6/13
  8731 | D:8      | Found a transporter.
  8758 | D:8      | Reached ** piety under Dithmenos
  8784 | D:8      | Noticed a two-headed ogre
  9174 | D:8      | Killed Prince Ribbit
  9214 | D:8      | Found a transporter.
  9222 | D:8      | Noticed a black mamba
  9237 | D:8      | a black mamba changed into something unseen
  9267 | D:8      | Noticed a komodo dragon
  9267 | D:8      | a wind drake changed into a komodo dragon
  9279 | D:8      | a komodo dragon changed into a hippogriff
  9528 | D:8      | Found a stormy altar of Qazlal.
  9570 | D:8      | Noticed a shining eye
  9699 | D:8      | Noticed a torpor snail
 10123 | D:6      | Killed an oklob plant
 10123 | D:6      | Reached skill level 5 in Ice Magic
 10237 | D:7      | Killed Frank's ghost
 10237 | D:7      | Reached skill level 10 in Slings
 10422 | D:8      | Noticed a spiny frog
 10466 | D:9      | Reached *** piety under Dithmenos
 10851 | D:9      | Found an ancient bone altar of Kikubaaqudgha.
 10851 | D:9      | Found an iron altar of Okawaru.
 11010 | D:9      | Reached XP level 11. HP: 64/64 MP: 16/16
 11020 | D:9      | Paralysed by a hornet for 3 turns
 11269 | D:9      | Reached skill level 5 in Hexes
 11338 | D:9      | Found a staircase to the Lair.
 11464 | D:10     | Entered Level 10 of the Dungeon
 11742 | D:10     | Killed an unseen horror
 11742 | D:10     | Reached skill level 1 in Evocations
 11810 | D:10     | Found Hovuxuheo's Weapon Shop.
 11826 | D:10     | Found Eppoaxoere's Armour Emporium.
 12096 | D:10     | Reached skill level 11 in Slings
 12197 | D:10     | Found Edeel's Antique Weapon Boutique.
 12199 | D:10     | Found Hoc Afaneupo's Magic Scroll Shoppe.
 12201 | D:10     | Bought a glowing rapier for 217 gold pieces
 12209 | D:10     | Bought a scroll of teleportation for 42 gold pieces
 12209 | D:10     | Bought a scroll of fear for 49 gold pieces
 12449 | D:10     | Found Vijifymet's Antique Weapon Shop.
 12527 | D:11     | Noticed a death knight
 12528 | D:11     | Noticed a phantasmal warrior
 12530 | D:11     | Killed a death knight
 12558 | D:11     | Annihilated by a phantasmal warrior

Illustrated notes

Levels and vault maps discovered:
D:1:      lightli_arrival_quake, layout_loops_cross
D:2:      layout_loops_corners, hangedman_ru_absence, first_ration,
          minmay_increasing_density
D:3:      layout_basic, minmay_misc_feat_plants
D:4:      layout_rooms, nicolae_overflow_hidden_temple, minmay_temple_entry_mist
D:5:      layout_basic, lemuel_round_altar, skrybe_limestone_x,
          hangedman_decor_peaks_small
D:6:      lemuel_slime, layout_loops_ring, kennysheep_mini_moat
D:7:      layout_loops_corners, lemuel_doored_altar, gammafunk_ghost_mausoleum,
          serial_shops, nicolae_shop_trees, roderic_batcave, grunt_qazlal_clouds
D:8:      layout_loops_corners, gammafunk_temple_overflow_arena,
          lemuel_crystal_altar, gammafunk_ghost_smash,
          nicolae_tso_besieged_by_evil, uniq_maggie, uniq_prince_ribbit1,
          uniq_psyche
D:9:      layout_roguey, gammafunk_temple_overflow_wave, lair_entry_dummy,
          hangedman_pestilent_swarm
D:10:     layout_loops_cross, serial_shops, nicolae_shop_trees,
          nicolae_shop_competitors_out_of_business, shop_scrolls,
          nicolae_shop_waterfront, kennysheep_mini
D:11:     layout_grid_maze, orc_0_dummy, kennysheep_just_a_vault
Temple:   dshaligram_water_room_temple

Skill      XL: |  1  2  3  4  5  6  7  8  9 10 11 |
---------------+----------------------------------+-----
Short Blades   | 3 4 5 6 8 9 10 | 10.1
Slings         | 2 4 5 7 8 9 10 11 | 11.1
Fighting       | 2 |  2.2
Stealth        | 6 7 |  7.0
Ice Magic      | 3 6 7 |  7.2
Dodging        | 2 |  2.3
Hexes          | 2 4 5 |  5.3
Spellcasting   | 2 3 4 |  4.3
Evocations     | 1 |  1.9
Throwing       | |  2.0
Armour         | |  0.9

Action                   |  1- 3 |  4- 6 |  7- 9 | 10-12 || total
-------------------------+-------+-------+-------+-------++-------
Melee: Dagger            |    92 |    17 |   137 |   140 ||   386
       Rapier            |       |       |       |    27 ||    27
 Fire: Hunting sling     |    18 |   155 |   343 |    82 ||   598
Throw: Dart              |       |     4 |     6 |    14 ||    24
       Throwing net      |       |       |     2 |       ||     2
 Cast: Ensorcelled Hiber |       |       |     3 |    41 ||    44
       Confusing Touch   |       |       |       |     9 ||     9
Evoke: Wand              |       |       |     8 |    20 ||    28
  Use: Scroll            |     2 |     5 |    12 |    11 ||    30
       Potion            |       |       |       |     3 ||     3
 Stab: Sleeping          |     6 |     2 |    19 |    34 ||    61
       Confused          |       |       |       |    11 ||    11
       Paralysed         |       |       |       |     1 ||     1
  Eat: Chunk             |     1 |     7 |    12 |     9 ||    29
       Ration            |       |       |     1 |     2 ||     3
Armor: Robe              |    12 |     9 |    39 |       ||    60
       Steam dragon scal |       |       |     1 |    43 ||    44
Dodge: Dodged            |    66 |    21 |   117 |   134 ||   338

Levels and vault maps discovered:
D:1:      lightli_arrival_quake, layout_loops_cross
D:2:      layout_loops_corners, hangedman_ru_absence, first_ration,
          minmay_increasing_density
D:3:      layout_basic, minmay_misc_feat_plants
D:4:      layout_rooms, nicolae_overflow_hidden_temple, minmay_temple_entry_mist
D:5:      layout_basic, lemuel_round_altar, skrybe_limestone_x,
          hangedman_decor_peaks_small
D:6:      lemuel_slime, layout_loops_ring, kennysheep_mini_moat
D:7:      layout_loops_corners, lemuel_doored_altar, gammafunk_ghost_mausoleum,
          serial_shops, nicolae_shop_trees, roderic_batcave, grunt_qazlal_clouds
D:8:      layout_loops_corners, gammafunk_temple_overflow_arena,
          lemuel_crystal_altar, gammafunk_ghost_smash,
          nicolae_tso_besieged_by_evil, uniq_maggie, uniq_prince_ribbit1,
          uniq_psyche
D:9:      layout_roguey, gammafunk_temple_overflow_wave, lair_entry_dummy,
          hangedman_pestilent_swarm
D:10:     layout_loops_cross, serial_shops, nicolae_shop_trees,
          nicolae_shop_competitors_out_of_business, shop_scrolls,
          nicolae_shop_waterfront, kennysheep_mini
D:11:     layout_grid_maze, orc_0_dummy, kennysheep_just_a_vault
Temple:   dshaligram_water_room_temple
